PR
CROWLEY CAJUNS @ INDIANA LEAD SOX
08/10/2038
 
TOP OF THE 1ST
Crowley Cajuns batting - Pitching for Indiana Lead Sox : LHP Alonso Soto
Pitching: LHP Alonso Soto
Batting: RHB Arturo Cicerón 0-0: Called Strike
0-1: Ball
1-1: Foul Ball, location: 2F
1-2: Ball
2-2: Ball
3-2: Foul Ball, location: 2F
3-2: SINGLE (Line Drive, 6MD, EV 98.1 MPH)
Batting: SHB John Joseph 0-0: Ball
Arturo Cicerón steals 2nd base
1-0: Called Strike
1-1: Ball
2-1: Ground out 6-3 (Groundball, 56D, EV 104.4 MPH)
Batting: RHB Archie Pittman 0-0: Foul Ball, location: 2F
0-1: Ball
1-1: Called Strike
Arturo Cicerón is caught stealing 3rd base 2-5
1-2: Foul Ball, location: 2F
1-2: SINGLE (Line Drive, 34, EV 101.9 MPH)
Batting: RHB Norbert Schalk 0-0: Called Strike
0-1: Swinging Strike
0-2: Ball
1-2: SINGLE (Line Drive, 8LM, EV 88.8 MPH)
Archie Pittman to second
Batting: RHB Kennet Udinga 0-0: Called Strike
0-1: Ball
1-1: Fly out, F9 (Line Drive, 9, EV 91.9 MPH)
Top of the 1st over - 0 runs, 3 hits, 0 errors, 2 left on base; Crowley 0 - Indiana 0
BOTTOM OF THE 1ST
Indiana Lead Sox batting - Pitching for Crowley Cajuns : LHP Nick Joseph
Pitching: LHP Nick Joseph
Batting: LHB Doug Pollock 0-0: Bunt for hit to 23 - play at first, batter safe!
Batting: RHB Jorge Parrina 0-0: Called Strike
0-1: Ball
1-1: Grounds into double play, 6-4-3 (Groundball, 6, EV 87.5 MPH)
Batting: RHB John Wilkerson 0-0: Ball
1-0: Ball
2-0: Ground out 6-3 (Groundball, 6, EV 76.9 MPH)
Bottom of the 1st over - 0 runs, 1 hit, 0 errors, 0 left on base; Crowley 0 - Indiana 0
TOP OF THE 2ND
Crowley Cajuns batting - Pitching for Indiana Lead Sox : LHP Alonso Soto
Batting: RHB Emery Nelson 0-0: Called Strike
0-1: Foul Ball, location: 2F
0-2: Ball
1-2: Strikes out swinging
Batting: LHB Dustin Damitz 0-0: Ball
1-0: Ball
2-0: Foul Ball, location: 2F
2-1: Swinging Strike
2-2: Ground out 1-3 (Groundball, 15, EV 86.2 MPH)
Batting: RHB Aroosha Zafar 0-0: Ball
1-0: Swinging Strike
1-1: Fly out, F9 (Flyball, 89D, EV 84.4 MPH)
Top of the 2nd over - 0 runs, 0 hits, 0 errors, 0 left on base; Crowley 0 - Indiana 0
BOTTOM OF THE 2ND
Indiana Lead Sox batting - Pitching for Crowley Cajuns : LHP Nick Joseph
Batting: RHB José Rivera 0-0: SINGLE (Groundball, 4D, EV 101.9 MPH)
Batting: RHB Philip Dekker 0-0: Ball
1-0: Ball
2-0: Ball
3-0: Called Strike
3-1: Fly out, F8 (Line Drive, 8RD, EV 87.5 MPH)
Batting: LHB Xie-li Shiu 0-0: Called Strike
0-1: Ball
1-1: Swinging Strike
1-2: Ball
2-2: Strikes out swinging
Batting: RHB Rich Pope 0-0: Fly out, F3 (Popup, 34S, EV 80.0 MPH)
Bottom of the 2nd over - 0 runs, 1 hit, 0 errors, 1 left on base; Crowley 0 - Indiana 0
TOP OF THE 3RD
Crowley Cajuns batting - Pitching for Indiana Lead Sox : LHP Alonso Soto
Batting: RHB Pat Deakin 0-0: Swinging Strike
0-1: Swinging Strike
0-2: Foul Ball, location: 2F
0-2: Foul Ball, location: 2F
0-2: Fly out, F7 (Flyball, 7, EV 88.8 MPH)
Batting: RHB Arturo Cicerón 0-0: Called Strike
0-1: Ground out 5-3 (Groundball, 56, EV 98.1 MPH)
Batting: SHB John Joseph 0-0: Foul Ball, location: 2F
0-1: Ball
1-1: Swinging Strike
1-2: Foul Ball, location: 2F
1-2: Ground out 5-3 (Groundball, 5, EV 98.8 MPH)
Top of the 3rd over - 0 runs, 0 hits, 0 errors, 0 left on base; Crowley 0 - Indiana 0
BOTTOM OF THE 3RD
Indiana Lead Sox batting - Pitching for Crowley Cajuns : LHP Nick Joseph
Batting: SHB Rickey Jenkins 0-0: Ball
1-0: Called Strike
1-1: Swinging Strike
1-2: Ball
2-2: Strikes out swinging
Batting: RHB Steve Edmiston 0-0: Called Strike
0-1: Ground out 6-3 (Groundball, 6M, EV 101.9 MPH)
Batting: LHB Doug Pollock 0-0: Ball
1-0: Foul Ball, location: 2F
1-1: Called Strike
1-2: Ball
2-2: Fly out, F7 (Flyball, 7LDF, EV 91.9 MPH)
Bottom of the 3rd over - 0 runs, 0 hits, 0 errors, 0 left on base; Crowley 0 - Indiana 0
TOP OF THE 4TH
Crowley Cajuns batting - Pitching for Indiana Lead Sox : LHP Alonso Soto
Batting: RHB Archie Pittman 0-0: SINGLE (Line Drive, 7S, EV 101.2 MPH)
Batting: RHB Norbert Schalk 0-0: Called Strike
0-1: Foul Ball, location: 2F
0-2: DOUBLE (Line Drive, 9LM, EV 106.9 MPH)
Archie Pittman to third
Batting: RHB Kennet Udinga 0-0: SINGLE (Groundball, 56D, EV 102.5 MPH)
Archie Pittman scores
Norbert Schalk to third
Batting: RHB Emery Nelson 0-0: Ball
1-0: Foul Ball, location: 2F
1-1: Grounds into double play, 6-4-3 (Groundball, 6, EV 86.2 MPH)
Norbert Schalk scores
Batting: LHB Dustin Damitz 0-0: Called Strike
0-1: Ball
1-1: Ball
2-1: Foul Ball, location: 2F
2-2: Ball
3-2: Foul Ball, location: 2F
3-2: SOLO HOME RUN (Flyball, 89XD, EV 104.4 MPH), Distance : 415 ft
Batting: RHB Aroosha Zafar 0-0: Ground out 6-3 (Groundball, 6, EV 85.6 MPH)
Top of the 4th over - 3 runs, 4 hits, 0 errors, 0 left on base; Crowley 3 - Indiana 0
BOTTOM OF THE 4TH
Indiana Lead Sox batting - Pitching for Crowley Cajuns : LHP Nick Joseph
Batting: RHB Jorge Parrina 0-0: Called Strike
0-1: Fly out, F8 (Flyball, 8RM, EV 93.1 MPH)
Batting: RHB John Wilkerson 0-0: Foul Ball, location: 2F
0-1: Ground out 5-3 (Groundball, 5S, EV 71.2 MPH)
Batting: RHB José Rivera 0-0: Ball
1-0: Ball
2-0: Ball
3-0: Swinging Strike
3-1: Foul Ball, location: 2F
3-2: Strikes out swinging
Bottom of the 4th over - 0 runs, 0 hits, 0 errors, 0 left on base; Crowley 3 - Indiana 0
TOP OF THE 5TH
Crowley Cajuns batting - Pitching for Indiana Lead Sox : LHP Alonso Soto
Batting: RHB Pat Deakin 0-0: Called Strike
0-1: Ball
1-1: Ball
2-1: Called Strike
2-2: Foul Ball, location: 2F
2-2: Strikes out swinging
Batting: RHB Arturo Cicerón 0-0: Called Strike
0-1: Fly out, F4 (Line Drive, 4, EV 68.8 MPH)
Batting: SHB John Joseph 0-0: Swinging Strike
0-1: Ball
1-1: Called Strike
1-2: SINGLE (Groundball, 56D, EV 98.8 MPH)
Batting: RHB Archie Pittman 0-0: Called Strike
0-1: Ball
1-1: Foul Ball, location: 2F
1-2: Strikes out swinging
Top of the 5th over - 0 runs, 1 hit, 0 errors, 1 left on base; Crowley 3 - Indiana 0
BOTTOM OF THE 5TH
Indiana Lead Sox batting - Pitching for Crowley Cajuns : LHP Nick Joseph
Batting: RHB Philip Dekker 0-0: Hit by Pitch
Batting: LHB Xie-li Shiu 0-0: Ball
1-0: Sac Bunt to P - play at first, batter OUT! 1-4
Philip Dekker to second
Batting: RHB Rich Pope 0-0: Called Strike
0-1: Foul Ball, location: 2F
0-2: Ball
1-2: Ball
2-2: Foul Ball, location: 2F
2-2: Foul Ball, location: 2F
2-2: Ball
3-2: Base on Balls
Batting: SHB Rickey Jenkins 0-0: Ball
Passed Ball!
Philip Dekker to third
Rich Pope to second
1-0: Foul Ball, location: 2F
1-1: Swinging Strike
1-2: Ball
2-2: Ball
3-2: Foul Ball, location: 2F
3-2: Base on Balls
Batting: RHB Steve Edmiston 0-0: Ball
1-0: Ball
2-0: Ball
3-0: Base on Balls
Philip Dekker scores
Rich Pope to third
Rickey Jenkins to second
Batting: LHB Doug Pollock 0-0: Called Strike
0-1: Ball
1-1: Ball
2-1: Foul Ball, location: 2F
2-2: Fly out, F7 (Flyball, 78M, EV 90.6 MPH)
Runner from 3rd tags up, SCORES, throw by LF
Batting: RHB Jorge Parrina 0-0: Ball
1-0: Foul Ball, location: 2F
1-1: Fly out, F9 (Flyball, 9, EV 88.8 MPH)
Bottom of the 5th over - 2 runs, 0 hits, 0 errors, 2 left on base; Crowley 3 - Indiana 2
TOP OF THE 6TH
Crowley Cajuns batting - Pitching for Indiana Lead Sox : LHP Alonso Soto
Batting: RHB Norbert Schalk 0-0: Called Strike
0-1: SINGLE (Line Drive, 8LS, EV 88.8 MPH)
Batting: RHB Kennet Udinga 0-0: Ball
1-0: Called Strike
1-1: Fielders Choice at 2nd, 5-4 (Groundball, 56, EV 103.1 MPH)
Batting: RHB Emery Nelson 0-0: Ball
1-0: Ball
2-0: Ball
3-0: Called Strike
3-1: Base on Balls
Kennet Udinga to second
Pinch Runner at 2nd Lex Parrel:
Batting: LHB Dustin Damitz 0-0: Foul Ball, location: 2F
0-1: Ball
1-1: Ball
2-1: SINGLE (Groundball, 56D, EV 107.5 MPH)
Lex Parrel to third
Emery Nelson to second
Runner from 3rd tries for Home, SAFE, throw by LF to home
Batting: RHB Aroosha Zafar 0-0: Foul Ball, location: 2F
0-1: Grounds into double play, 4-6-3 (Groundball, 4, EV 98.8 MPH)
Top of the 6th over - 1 run, 2 hits, 0 errors, 1 left on base; Crowley 4 - Indiana 2
BOTTOM OF THE 6TH
Indiana Lead Sox batting - Pitching for Crowley Cajuns : LHP Nick Joseph
Now in RF: Joe Gilmore
Batting: RHB John Wilkerson 0-0: Ball
1-0: Called Strike
1-1: Called Strike
1-2: Ball
2-2: Ball
3-2: Foul Ball, location: 2F
3-2: Foul Ball, location: 2F
3-2: SINGLE (Line Drive, 4MD, EV 107.5 MPH)
Batting: RHB José Rivera 0-0: Foul Ball, location: 2F
0-1: Called Strike
0-2: Ball
1-2: DOUBLE (Flyball, 8RXD, EV 98.8 MPH)
John Wilkerson to third
Batting: RHB Philip Dekker 0-0: Swinging Strike
0-1: Ball
1-1: Foul Ball, location: 2F
1-2: Foul Ball, location: 2F
1-2: Foul Ball, location: 2F
1-2: Foul Ball, location: 2F
1-2: Ball
2-2: Foul Ball, location: 2F
2-2: Foul Ball, location: 2F
2-2: Ball
3-2: Base on Balls
Batting: LHB Xie-li Shiu 0-0: Ball
1-0: Fly out, F7 (Flyball, 7D, EV 105.6 MPH)
Runner from 3rd tags up, SCORES, no throw by LF
Batting: RHB Rich Pope 0-0: Called Strike
0-1: Ground out 5-3 (Groundball, 56S, EV 65.0 MPH)
José Rivera to third
Philip Dekker to second
Batting: SHB Rickey Jenkins 0-0: Ball
1-0: Fly out, F8 (Flyball, 8RM, EV 71.2 MPH)
Bottom of the 6th over - 1 run, 2 hits, 0 errors, 2 left on base; Crowley 4 - Indiana 3
TOP OF THE 7TH
Crowley Cajuns batting - Pitching for Indiana Lead Sox : LHP Alonso Soto
Batting: RHB Pat Deakin 0-0: Called Strike
0-1: Ground out 6-3 (Groundball, 6, EV 105.0 MPH)
Batting: RHB Arturo Cicerón 0-0: Ball
1-0: Ball
2-0: DOUBLE (Flyball, 89D, EV 102.5 MPH)
Pitching: RHP Darwin McGinnity
Batting: SHB John Joseph 0-0: Intentional Walk
Batting: RHB Archie Pittman 0-0: Foul Ball, location: 2F
0-1: Swinging Strike
0-2: Ball
1-2: Fly out, F6 (Popup, P, EV 83.1 MPH)
Batting: RHB Norbert Schalk 0-0: Called Strike
0-1: Ball
1-1: Ball
2-1: Ball
3-1: Called Strike
3-2: Base on Balls
Arturo Cicerón to third
John Joseph to second
Batting: RHB Joe Gilmore 0-0: Swinging Strike
0-1: Ball
1-1: Called Strike
1-2: Strikes out swinging
Top of the 7th over - 0 runs, 1 hit, 0 errors, 3 left on base; Crowley 4 - Indiana 3
BOTTOM OF THE 7TH
Indiana Lead Sox batting - Pitching for Crowley Cajuns : LHP Nick Joseph
Pitching: RHP Mauro Sandín
Batting: RHB Steve Edmiston 0-0: Ball
1-0: Ball
2-0: Called Strike
2-1: Ball
3-1: Foul Ball, location: 2F
3-2: Foul Ball, location: 2F
3-2: Ground out 6-3 (Groundball, 6, EV 76.9 MPH)
Batting: LHB Doug Pollock 0-0: Ball
1-0: Called Strike
1-1: Called Strike
1-2: Ball
2-2: Strikes out looking
Batting: RHB Jorge Parrina 0-0: Ground out 4-3 (Groundball, 34, EV 94.4 MPH)
Bottom of the 7th over - 0 runs, 0 hits, 0 errors, 0 left on base; Crowley 4 - Indiana 3
TOP OF THE 8TH
Crowley Cajuns batting - Pitching for Indiana Lead Sox : RHP Darwin McGinnity
Batting: RHB Emery Nelson 0-0: Ball
1-0: Called Strike
1-1: Foul Ball, location: 2F
1-2: Ground out 5-3 (Groundball, 56S, EV 88.1 MPH)
Batting: LHB Dustin Damitz 0-0: Ball
1-0: Ground out 1-3 (Groundball, 34S, EV 81.9 MPH)
Batting: RHB Aroosha Zafar 0-0: Called Strike
0-1: Ball
1-1: Ground out 5-3 (Groundball, 56S, EV 77.5 MPH)
Top of the 8th over - 0 runs, 0 hits, 0 errors, 0 left on base; Crowley 4 - Indiana 3
BOTTOM OF THE 8TH
Indiana Lead Sox batting - Pitching for Crowley Cajuns : RHP Mauro Sandín
Batting: RHB John Wilkerson 0-0: Called Strike
0-1: Ball
1-1: Swinging Strike
1-2: Strikes out looking
Batting: RHB José Rivera 0-0: Called Strike
0-1: Ball
1-1: SINGLE (Groundball, 56, EV 93.8 MPH)
Batting: RHB Philip Dekker 0-0: Ball
1-0: Called Strike
1-1: Ball
2-1: Swinging Strike
2-2: Foul Ball, location: 2F
2-2: Foul Ball, location: 2F
2-2: Strikes out swinging
Batting: LHB Xie-li Shiu 0-0: Foul Ball, location: 2F
0-1: Ball
1-1: SINGLE (Line Drive, 8RS, EV 112.5 MPH)
José Rivera to second
Batting: RHB Rich Pope 0-0: SINGLE (Groundball, 34D, EV 101.2 MPH)
José Rivera to third
Xie-li Shiu to second
Runner from 3rd tries for Home, SAFE, throw by RF to home
Batting: SHB Rickey Jenkins 0-0: Foul Ball, location: 2F
0-1: Called Strike
0-2: Strikes out swinging
Bottom of the 8th over - 1 run, 3 hits, 0 errors, 2 left on base; Crowley 4 - Indiana 4
TOP OF THE 9TH
Crowley Cajuns batting - Pitching for Indiana Lead Sox : RHP Darwin McGinnity
Pitching: RHP Luke Bartels
Batting: RHB Pat Deakin 0-0: Called Strike
0-1: Hit by Pitch
Batting: RHB Arturo Cicerón 0-0: Ball
1-0: Sac Bunt to 15 - play at first, batter OUT! 1-4
Pat Deakin to second
Batting: SHB John Joseph 0-0: Intentional Walk
Batting: RHB Archie Pittman 0-0: Ball
1-0: Called Strike
1-1: Foul Ball, location: 2F
1-2: Ball
2-2: Strikes out swinging
Batting: RHB Norbert Schalk 0-0: Ground out 4-3 (Groundball, 4, EV 99.4 MPH)
Top of the 9th over - 0 runs, 0 hits, 0 errors, 2 left on base; Crowley 4 - Indiana 4
BOTTOM OF THE 9TH
Indiana Lead Sox batting - Pitching for Crowley Cajuns : RHP Mauro Sandín
Batting: RHB Steve Edmiston 0-0: Called Strike
0-1: Fly out, F5 (Line Drive, 5, EV 65.6 MPH)
Batting: LHB Doug Pollock 0-0: Ball
1-0: Ball
2-0: SINGLE (Groundball, 4MD, EV 111.9 MPH)
Batting: RHB Jorge Parrina 0-0: Ball
1-0: Ball
2-0: Grounds into double play, 5-4-3 (Groundball, 56, EV 100.6 MPH)
Bottom of the 9th over - 0 runs, 1 hit, 0 errors, 0 left on base; Crowley 4 - Indiana 4
TOP OF THE 10TH
Crowley Cajuns batting - Pitching for Indiana Lead Sox : RHP Luke Bartels
Batting: RHB Joe Gilmore 0-0: Ball
1-0: Ground out 6-3 (Groundball, 6, EV 78.8 MPH)
Pinch Hitting: SHB David Knight 0-0: Called Strike
0-1: Ball
1-1: Foul Ball, location: 2F
1-2: Foul Ball, location: 2F
1-2: Foul Ball, location: 2F
1-2: Strikes out swinging
Batting: LHB Dustin Damitz 0-0: Ball
1-0: Ball
2-0: Swinging Strike
2-1: Ball
3-1: Base on Balls
Batting: RHB Aroosha Zafar 0-0: 2-RUN HOME RUN (Flyball, 78XD, EV 99.4 MPH), Distance : 434 ft
Batting: RHB Pat Deakin 0-0: Ground out U3 (Groundball, 34, EV 108.1 MPH)
Top of the 10th over - 2 runs, 1 hit, 0 errors, 0 left on base; Crowley 6 - Indiana 4
BOTTOM OF THE 10TH
Indiana Lead Sox batting - Pitching for Crowley Cajuns : RHP Mauro Sandín
Pitching: LHP Héctor Sanz
Now at C: David Gustafson
Batting: RHB John Wilkerson 0-0: SOLO HOME RUN (Flyball, 89XD, EV 103.8 MPH) (Inside the Park)
Batting: RHB José Rivera 0-0: Ball
1-0: Ball
2-0: Called Strike
2-1: Ball
3-1: Called Strike
3-2: Strikes out looking
Batting: RHB Philip Dekker 0-0: Ball
1-0: Foul Ball, location: 2F
1-1: Foul Ball, location: 2F
1-2: Foul Ball, location: 2F
1-2: Strikes out swinging
Pinch Hitting: RHB Gustavo Guerrero 0-0: Called Strike
0-1: Ball
1-1: Foul Ball, location: 2F
1-2: SINGLE (Line Drive, 78M, EV 106.2 MPH)
Batting: RHB Rich Pope 0-0: Ball
1-0: Called Strike
1-1: Fly out, F8 (Flyball, 8RD, EV 93.8 MPH)
Bottom of the 10th over - 1 run, 2 hits, 0 errors, 1 left on base; Crowley 6 - Indiana 5
Friday, April 17th, 2020 - OOTP Baseball 20.8 Build 74